 Dungeon Crawl Stone Soup version 0.30.0-5-g1a98f26d00 (webtiles) character file.

Game seed: 1534253040066769429

7324 jasper the Severer (level 11, -6/97 HPs)
             Began as a Hill Orc Cinder Acolyte on May 8, 2023.
             Was an Initiate of Ignis.
             Constricted to death by a tentacled monstrosity (9 damage)
             ... on level 4 of the Abyss.
             The game lasted 00:12:50 (8769 turns).

jasper the Severer (Hill Orc Cinder Acolyte)        Turns: 8769, Time: 00:12:51

Health: -6/97      AC: 27    Str: 22    XL:     11   Next: 13%
Magic:  12/12      EV:  5    Int: 14    God:    Ignis [......]
Gold:   246        SH:  0    Dex:  6    Spells: 10/12 levels left

rFire   + . .        P - +0 broad axe
rCold   . . .        (no shield)
rNeg    . . .        v - +4 chain mail {rPois}
rPois   +            r - +0 helmet
rElec   .            N - +1 cloak
rCorr   .            (no gloves)
SInv    .            E - +1 pair of boots {rampage}
Will    .....        k - amulet of regeneration Stlth
                     (no ring)
HPRegen 1.16/turn    (no ring)
MPRegen 0.13/turn

%: rampage
@: lethally poisoned (-6 -> -6), fiery-armoured (expiring), constricted
A: no striking features
a: Renounce Religion, Rising Flame


You were on level 4 of the Abyss.
You worshipped Ignis.
Ignis was noncommittal.
You visited 1 branch of the dungeon, and saw 8 of its levels.
You visited the Abyss 1 time.
You also visited: Sewer and Bailey.

You collected 474 gold pieces.
You spent 228 gold pieces at shops.

Inventory:

Hand Weapons
 a - a -1 hand axe of flaming
 q - a +0 short sword of distortion
 B - a +0 war axe
 D - a +2 antimagic hand axe
 M - a +2 whip of freezing
 P - a +0 broad axe (weapon)
Missiles
 n - 57 stones
 C - 15 poisoned darts
 J - 11 boomerangs (quivered)
 K - 2 throwing nets
Armour
 b - a +0 robe
 r - a +0 helmet (worn)
 v - a +4 chain mail of poison resistance (worn)
 y - a +0 cloak
 E - a +1 pair of boots of rampaging (worn)
 N - a +1 cloak (worn)
Jewellery
 k - an amulet of regeneration (around neck)
Wands
 j - a wand of polymorph (17)
 u - a wand of iceblast (13)
 A - a wand of flame (25)
 O - a wand of mindburst (14)
Scrolls
 d - 4 scrolls of immolation {unknown}
 f - 3 scrolls of vulnerability {unknown}
 h - 4 scrolls of enchant armour {unknown}
 i - 8 scrolls of teleportation {unknown}
 l - 5 scrolls of identify {unknown}
 m - a scroll of brand weapon {unknown}
 o - a scroll of blinking
 s - a scroll of poison {unknown}
 G - 2 scrolls of noise {unknown}
 L - 2 scrolls of fog {unknown}
Potions
 c - 4 potions of curing {unknown}
 e - 2 potions of mutation {unknown}
 g - 3 potions of brilliance {unknown}
 p - 3 potions of haste {unknown}
 t - 2 potions of cancellation {unknown}
 w - a potion of attraction {unknown}
 x - 3 potions of flight {unknown}
 z - a potion of degeneration {unknown}
 F - a potion of lignification {unknown}
 H - a potion of heal wounds {unknown}
 I - a potion of invisibility {unknown}


   Skills:
 + Level 9.2 Fighting
 * Level 15.6 Axes
 - Level 2.0 Throwing
 + Level 7.5 Armour
 - Level 1.0 Spellcasting
 - Level 3.2 Fire Magic
 - Level 6.0 Evocations


You had 10 spell levels left.
You knew the following spells:

 Your Spells              Type           Power      Damage    Failure   Level
a - Scorch                Fire           18%        2d6       50%         2

Your spell library contained the following spells:

 Spells                   Type           Power      Damage    Failure   Level
 Slow                     Hex            0%         N/A       80%         1
 Poisonous Vapours        Pois/Air       0%         N/A       91%         2
 Confusing Touch          Hex            0%         N/A       99%         3
 Mephitic Cloud           Conj/Pois/Air  0%         N/A       99%         3
 Vampiric Draining        Necr           0%         2d6       99%         3
 Freezing Cloud           Conj/Ice/Air   0%         6-21      100%        5


Dungeon Overview and Level Annotations

Branches:
Dungeon (8/15)             Temple (0/1) D:7           Sewer (visited)
 Bailey (visited)
   Lair: D:8-11

Altars:
Hepliaklqana
Makhleb
Nemelex Xobeh
Wu Jian
Lugonu

Shops:
D:3 ?   D:5 [   D:7 !!(

Annotations:
D:7 2 transporters


Message History

You slash the smoke demon!
The smoke demon is severely wounded.
You slash the smoke demon!
You kill the smoke demon!
You hit the green death.
The green death is lightly wounded.
The green death hits you but does no damage.
You barely miss the green death.
The green death is lightly wounded.
The green death gestures at you. The poison arrow hits you!
You are poisoned.
You partially resist.
* * * LOW HITPOINT WARNING * * *
You take 9 damage, and have 7/97 hp.
You closely miss the green death.
The green death is lightly wounded.
You feel sick.
You take 2 damage, and have 5/97 hp.
You hit the tentacled monstrosity but do no damage.
You feel sick.
You take 1 damage, and have 4/97 hp.
You hit the tentacled monstrosity.
The tentacled monstrosity is lightly wounded.
You feel sick.
The tentacled monstrosity tentacle-slaps you but does no damage.
The tentacled monstrosity resists.
The tentacled monstrosity is burned by your cloak of flames.
The tentacled monstrosity is lightly wounded.
The tentacled monstrosity tentacle-slaps you but does no damage.
The tentacled monstrosity resists.
The tentacled monstrosity is burned by your cloak of flames.
The tentacled monstrosity is lightly wounded.
The tentacled monstrosity tentacle-slaps you.
* * * LOW HITPOINT WARNING * * *
The tentacled monstrosity grabs you.
The tentacled monstrosity resists.
The tentacled monstrosity is burned by your cloak of flames.
The tentacled monstrosity is lightly wounded.
The tentacled monstrosity constricts you!
You die...

## ...#. #
.. .##2#
#.#.##..##
# .#.# .#
#.. .
.#2.§3#
....#..
.#..#§#
#.. .#
....##2# .
#.. #.
..#X## ##
#. .# ##@#
#. ..# ###
#...#.
##..


You could see a tentacled monstrosity.

Vanquished Creatures
  Erica (D:8)
  A dancing weapon (Abyss:4)
  Pikel (D:8)
  An orc knight (Bailey)
  Joseph (D:7)
  Maurice (D:8)
  A smoke demon (Abyss:4)
  A kobold demonologist (Bailey)
  A wyvern (D:7)
  A steam dragon (D:8)
  3 water moccasins (D:7)
  6 orc warriors
  A sky beast (D:7)
  2 black bears
  2 ice beasts
  2 ogres
  A centaur (D:8)
  3 lemures (D:8)
  Blork the orc (D:4)
  5 bullfrogs
  2 scorpions (D:6)
  4 wights (D:6)
  6 killer bees (D:7)
  An electric eel (Bailey)
  8 howler monkeys
  Crazy Yiuf (D:3)
  A jelly (D:5)
  A gnoll bouda (D:8)
  3 hounds
  2 sleepcaps (D:5)
  4 orc priests
  Jessica (D:3)
  Ijyb (D:3)
  2 iguanas
  8 orc wizards
  Robin (D:3)
  7 gnolls
  10 adders
  2 white imps
  2 worms (D:4)
  31 orcs
  7 ball pythons
  9 bats
  12 endoplasms
  12 giant cockroaches
  21 goblins
  10 hobgoblins
  9 jackals
  4 kobolds
  17 quokkas
  3 training dummies (D:7)
  6 frilled lizards
  6 rats
250 creatures vanquished.

Notes
Turn   | Place    | Note
-------+----------+-------------------------------------------
     0 | D:1      | jasper the Hill Orc Cinder Acolyte began the quest for the
                  | Orb.
     0 | D:1      | Reached XP level 1. HP: 19/19 MP: 2/2
    46 | D:1      | Found a faded altar of an unknown god.
   237 | D:1      | You fall into a shaft and drop 1 floor!
   298 | D:1      | Reached XP level 2. HP: 19/26 MP: 3/3
   409 | D:1      | Reached skill level 5 in Axes
   703 | D:1      | Reached XP level 3. HP: 28/31 MP: 4/4
  1083 | D:2      | Reached skill level 6 in Axes
  1169 | D:2      | Reached XP level 4. HP: 20/39 MP: 5/5
  1208 | D:2      | Learned a level 2 spell: Scorch
  1853 | D:2      | Found a sparkling altar of Nemelex Xobeh.
  2201 | D:3      | Found a glowing drain.
  2241 | Sewer    | Entered a sewer
  2441 | Sewer    | Reached skill level 7 in Axes
  2784 | Sewer    | Reached XP level 5. HP: 45/45 MP: 3/6
  2828 | Sewer    | Reached skill level 8 in Axes
  2829 | Sewer    | Reached XP level 6. HP: 20/51 MP: 1/7
  3023 | D:3      | Reached skill level 9 in Axes
  3023 | D:3      | Noticed Robin
  3034 | D:3      | Killed Robin
  3115 | D:3      | Noticed Jessica
  3121 | D:3      | Killed Jessica
  3317 | D:3      | Noticed Ijyb
  3334 | D:3      | Killed Ijyb
  3686 | D:3      | Found Ylasisil's Magic Scroll Shoppe.
  3993 | D:3      | Found a runed translucent door.
  3994 | D:3      | Noticed Crazy Yiuf
  4061 | D:3      | Killed Crazy Yiuf
  4137 | D:4      | Noticed Blork the orc
  4144 | D:4      | Reached skill level 1 in Evocations
  4148 | D:4      | Reached skill level 1 in Throwing
  4148 | D:4      | Reached XP level 7. HP: 42/57 MP: 8/8
  4155 | D:4      | Killed Blork the orc
  4450 | D:4      | Found a hazy altar of Hepliaklqana.
  4795 | D:4      | Found a burning altar of Makhleb.
  5002 | D:5      | Entered Level 5 of the Dungeon
  5055 | D:5      | Found Uddatak's Antique Armour Emporium.
  5104 | D:5      | Bought a pair of embroidered boots for 195 gold pieces
  5284 | D:5      | Reached skill level 5 in Evocations
  5284 | D:5      | Reached XP level 8. HP: 58/64 MP: 9/9
  5956 | D:5      | Reached skill level 1 in Armour
  6401 | D:6      | Reached skill level 10 in Axes
  6445 | D:6      | Reached skill level 5 in Fighting
  6445 | D:6      | Reached XP level 9. HP: 34/74 MP: 10/10
  6651 | D:6      | Reached skill level 11 in Axes
  7079 | D:7      | Found a transporter.
  7081 | D:7      | Found a transporter.
  7081 | D:7      | Found a corrupted altar of Lugonu.
  7083 | D:7      | Noticed an ancient zyme
  7086 | D:7      | Noticed a red ugly thing
  7086 | D:7      | Noticed a cyan ugly thing
  7343 | D:7      | Found a staircase to the Ecumenical Temple.
  7383 | D:7      | Reached skill level 12 in Axes
  7456 | D:7      | Noticed Joseph
  7478 | D:7      | Killed Joseph
  7479 | D:7      | Reached skill level 13 in Axes
  7479 | D:7      | Reached skill level 5 in Armour
  7615 | D:7      | Found Inamizy's Firing Range.
  7624 | D:7      | Bought a throwing net for 33 gold pieces
  7641 | D:7      | Reached XP level 10. HP: 86/86 MP: 11/11
  7755 | D:7      | Found Taowk's Distillery.
  7760 | D:7      | Found Muggar's Distillery.
  7845 | D:7      | Found an ornate altar of the Wu Jian Council.
  8079 | D:8      | Noticed Pikel
  8080 | D:8      | Noticed Maurice
  8095 | D:8      | Killed Pikel
  8120 | D:8      | Killed Maurice
  8128 | D:8      | Reached skill level 14 in Axes
  8308 | D:8      | Found a flagged portal.
  8310 | D:8      | Noticed Erica
  8328 | D:8      | Killed Erica
  8334 | Bailey   | Entered a bailey
  8481 | Bailey   | Noticed an orc knight
  8495 | Bailey   | Killed an orc knight
  8523 | Bailey   | Noticed a kobold demonologist
  8539 | Bailey   | Killed a kobold demonologist
  8540 | Bailey   | Reached skill level 15 in Axes
  8586 | Bailey   | Reached XP level 11. HP: 84/95 MP: 12/12
  8597 | Abyss:3  | Cast into level 3 of the Abyss (unwielding a weapon of
                  | distortion)
  8616 | Abyss:3  | Noticed a starcursed mass
  8688 | Abyss:4  | Noticed a +0 trident of venom
  8702 | Abyss:4  | Killed a +0 trident of venom
  8719 | Abyss:4  | Noticed a green death
  8723 | Abyss:4  | Noticed a large abomination
  8736 | Abyss:4  | Noticed a blizzard demon
  8741 | Abyss:4  | Noticed a starcursed mass
  8750 | Abyss:4  | HP: 2/97 [smoke demon/divine providence (14)]
  8752 | Abyss:4  | Noticed a tentacled monstrosity
  8768 | Abyss:4  | HP: 4/97 [poisoned by a green death (poison arrow)]
  8769 | Abyss:4  | Constricted to death by a tentacled monstrosity

Illustrated notes

Levels and vault maps discovered:
D:1:      lemuel_arrival_tunnels, layout_rooms,
          ebering_ecumenical_altar_petrified, minmay_tetromino_s4
D:2:      layout_basic, basic_altar, serial_bayou, serial_bayou_crossing,
          serial_bayou_lagoon_a, serial_bayou_pond_c, serial_bayou_shore_a
D:3:      layout_basic, serial_shops, shop, portal_sewer_entry_d, uniq_robin,
          uniq_jessica, uniq_ijyb, uniq_crazy_yiuf_cottage
D:4:      layout_cave_pools, worldfamousw_hep_ancestral_shrine,
          mainiacjoe_overflow_paths, uniq_blork_the_orc
D:5:      layout_basic, serial_shops, nicolae_shop_pleasant_corner_grove
D:6:      layout_loops_cross, hangedman_abyss_or_decor_stagger
D:7:      gammafunk_corrupted_shrine, layout_gridville,
          mainiacjoe_overflow_chevrons, minmay_temple_entry_wispy,
          nicolae_wooded_promenade, nicolae_shop_firing_range, uniq_joseph
D:8:      layout_cave_pools, enter_bailey_5, uniq_pikel, uniq_erica,
          uniq_maurice
Abyss:4:  base: D:6, gammafunk_abyss_rune_reverse_zot, minivault_26,
          minivault_1, small_statue_intersection, bh_abyss_xom_lugonu_altar
Bailey:   bailey_axe_of_yendor_kennysheep, bailey

Skill      XL: |  1  2  3  4  5  6  7  8  9 10 11 |
---------------+----------------------------------+-----
Axes           | 5 6 7 8 9 10 13 15 | 15.6
Evocations     | 1 5 6 |  6.0
Throwing       | 1 2 |  2.0
Armour         | 2 5 7 |  7.5
Fighting       | 5 7 8 9 |  9.2
Spellcasting   | |  1.0
Fire Magic     | |  3.2

Action                     |  1- 3 |  4- 6 |  7- 9 | 10-12 || total
---------------------------+-------+-------+-------+-------++-------
  Melee: Hand axe          |   102 |   141 |    33 |       ||   276
         Punch             |       |     3 |     2 |     4 ||     9
         War axe           |       |       |   275 |   138 ||   413
         Broad axe         |       |       |       |    28 ||    28
  Throw: Stone             |     6 |     4 |       |       ||    10
         Boomerang         |       |       |     3 |       ||     3
   Cast: Scorch            |       |    39 |       |       ||    39
 Invoke: Fiery Armour      |     1 |     3 |     4 |     4 ||    12
  Evoke: Wand              |       |     1 |       |     2 ||     3
 Armour: Robe              |    35 |    25 |       |       ||    60
         Chain mail        |       |    28 |   208 |    94 ||   330
  Dodge: Dodged            |    76 |    86 |   119 |    61 ||   342
